[ AOE2 MATCH · #491975614 ]
UnrankedEthiopians vs Khitans
[ REPLAY ANALYSIS · EXTRACTED FROM THE RECORDED GAME ]
Feudal
11:35
Castle
19:49
Imperial
43:57
| APM avg | 35.9 |
| APM peak | 80 |
| eAPM avg | 18.9 |
| Villagers / military | 233 / 987 |
Focus
⚔️ 38.9% · 🌾 61.1%
Scout Cavalry ×713 · Archer ×158 · Bombard Cannon ×37 · Skirmisher ×27 · Battering Ram ×25 · Mangonel ×13
Feudal
13:30
Castle
24:15
Imperial
107:39
| APM avg | 34.4 |
| APM peak | 121 |
| eAPM avg | 17.0 |
| Villagers / military | 257 / 152 |
Focus
⚔️ 28.6% · 🌾 71.4%
Kipchak ×47 · Knight ×34 · Spearman ×20 · Camel Scout ×20 · Mangonel ×12 · Battering Ram ×11
Feudal
14:02
Castle
26:18
Imperial
41:13
| APM avg | 50.6 |
| APM peak | 117 |
| eAPM avg | 25.5 |
| Villagers / military | 253 / 434 |
Focus
⚔️ 30.1% · 🌾 69.9%
Scout Cavalry ×260 · Steppe Lancer ×77 · Skirmisher ×72 · Iron Pagoda ×13 · Trebuchet (Packed) ×8 · Unknown (1920) ×3
Feudal
9:13
Castle
25:58
Imperial
41:09
| APM avg | 38.6 |
| APM peak | 89 |
| eAPM avg | 18.7 |
| Villagers / military | 283 / 621 |
Focus
⚔️ 33.3% · 🌾 66.7%
Scout Cavalry ×170 · Shotel Warrior ×151 · Archer ×120 · Skirmisher ×90 · Spearman ×63 · Bombard Cannon ×9
Match map
Initial resources + every placement click. Lines = walls · curves = elevation contours. ◆ gold · ⬟ stone · ● berries · ✦ relic · ◌ wall gap
Your base· Open — unwalled flank
ELCAMBOPAPY's base· Open — unwalled flank
TIGRE EQUIVOCADO's base· Open — 1t gap
CaSal EQUIVOCADO's base· Open — unwalled flank
Smoothed initial terrain · ◌ = detected wall gap · hover for details
Inputs per minute
— NPG/- Americaneagle37 - - ELCAMBOPAPY
Build order — NPG/- Americaneagle37
First 150 of 982 actions detected
| 0:01 | Queue | Villager (Male) ×4 |
| 0:02 | Queue | Villager (Male) ×4 |
| 0:03 | Build | House |
| 0:04 | Build | House |
| 1:25 | Queue | Villager (Male) |
| 1:26 | Queue | Villager (Male) |
| 2:04 | Build | Lumber Camp |
| 2:13 | Queue | Villager (Male) |
| 2:13 | Queue | Villager (Male) |
| 2:14 | Queue | Villager (Male) |
| 2:15 | Queue | Villager (Male) |
| 2:46 | Queue | Villager (Male) |
| 3:05 | Queue | Villager (Male) |
| 3:05 | Queue | Villager (Male) |
| 3:38 | Build | House |
| 3:51 | Queue | Villager (Male) |
| 3:51 | Queue | Villager (Male) |
| 3:51 | Queue | Villager (Male) |
| 3:53 | Research | Loom |
| 4:25 | Build | House |
| 4:28 | Build | Palisade Wall |
| 4:43 | Queue | Villager (Male) |
| 4:43 | Queue | Villager (Male) |
| 4:44 | Queue | Villager (Male) |
| 4:44 | Queue | Villager (Male) |
| 5:03 | Queue | Villager (Male) |
| 5:03 | Queue | Villager (Male) |
| 5:04 | Queue | Villager (Male) |
| 5:36 | Build | Palisade Wall |
| 5:39 | Build | Barracks |
| 6:03 | Queue | Villager (Male) |
| 6:35 | Build | Mill |
| 6:45 | Build | Palisade Wall |
| 6:49 | Build | House |
| 6:54 | Build | Palisade Wall |
| 6:59 | Queue | Villager (Male) |
| 6:59 | Queue | Villager (Male) |
| 7:50 | Queue | Villager (Male) |
| 7:53 | Build | House |
| 8:27 | Queue | Villager (Male) |
| 8:56 | Research | Feudal Age |
| 9:00 | Queue | Villager (Male) |
| 9:01 | Research | Feudal Age |
| 9:02 | Research | Feudal Age |
| 9:31 | Build | House |
| 9:48 | Build | House |
| 9:49 | Build | House |
| 10:54 | Build | House |
| 10:57 | Build | House |
| 11:10 | Queue | Villager (Male) |
| 11:10 | Queue | Villager (Male) |
| 11:11 | Queue | Villager (Male) |
| 11:35 | Age | Feudal Age |
| 12:02 | Queue | Villager (Male) |
| 12:09 | Queue | Villager (Male) |
| 12:09 | Queue | Villager (Male) |
| 12:32 | Build | Farm |
| 12:32 | Build | Farm |
| 12:32 | Build | Farm |
| 12:33 | Build | Farm |
| 12:33 | Build | Farm |
| 12:33 | Build | Farm |
| 12:34 | Build | Farm |
| 12:35 | Build | Farm |
| 12:35 | Build | Farm |
| 12:35 | Build | Farm |
| 12:35 | Build | Farm |
| 12:36 | Build | Farm |
| 12:37 | Build | Farm |
| 12:40 | Queue | Villager (Male) |
| 12:40 | Queue | Villager (Male) |
| 12:42 | Build | Mining Camp |
| 12:50 | Build | Blacksmith |
| 13:19 | Build | House |
| 14:01 | Build | House |
| 14:10 | Queue | Villager (Male) |
| 14:11 | Queue | Villager (Male) |
| 14:40 | Build | Farm |
| 15:01 | Build | Market |
| 15:54 | Queue | Villager (Male) |
| 15:54 | Queue | Villager (Male) |
| 15:57 | Build | Farm |
| 15:59 | Build | Farm |
| 16:14 | Build | Farm |
| 16:20 | Queue | Villager (Male) |
| 16:26 | Build | Farm |
| 16:51 | Build | Farm |
| 17:07 | Research | Castle Age |
| 17:10 | Build | House |
| 17:21 | Research | Fletching |
| 17:21 | Research | Padded Archer Armor |
| 17:28 | Build | Watch Tower |
| 18:01 | Build | Archery Range |
| 18:12 | Build | House |
| 18:13 | Build | Palisade Wall |
| 18:15 | Build | Palisade Wall |
| 18:16 | Build | Palisade Wall |
| 18:17 | Build | Palisade Wall |
| 18:40 | Build | Farm |
| 18:41 | Build | Farm |
| 18:42 | Research | Horse Collar |
| 19:05 | Build | Archery Range |
| 19:08 | Queue | Archer |
| 19:26 | Research | Gold Mining |
| 19:48 | Queue | Archer |
| 19:48 | Queue | Archer |
| 19:49 | Age | Castle Age |
| 19:53 | Queue | Villager (Male) |
| 19:53 | Queue | Villager (Male) |
| 20:13 | Research | Crossbowman (upgrade) |
| 20:20 | Build | Archery Range |
| 20:55 | Research | Bodkin Arrow |
| 21:02 | Queue | Archer ×5 |
| 21:15 | Build | Palisade Gate |
| 21:21 | Queue | Archer ×5 |
| 21:31 | Build | House |
| 21:47 | Queue | Archer ×4 |
| 22:13 | Queue | Villager (Male) |
| 22:14 | Queue | Villager (Male) |
| 22:14 | Research | Wheelbarrow |
| 22:16 | Queue | Villager (Male) |
| 22:18 | Build | House |
| 22:21 | Queue | Villager (Male) |
| 22:48 | Queue | Archer ×5 |
| 22:49 | Queue | Villager (Male) |
| 22:50 | Queue | Villager (Male) |
| 23:02 | Queue | Villager (Male) |
| 23:26 | Build | House |
| 23:41 | Queue | Villager (Male) |
| 23:53 | Queue | Villager (Male) |
| 24:13 | Build | Siege Workshop |
| 24:26 | Queue | Villager (Male) |
| 24:26 | Queue | Villager (Male) |
| 24:58 | Build | House |
| 25:20 | Build | Town Center |
| 25:35 | Queue | Villager (Male) |
| 26:24 | Queue | Villager (Male) |
| 26:26 | Queue | Villager (Male) |
| 26:27 | Queue | Villager (Male) |
| 26:27 | Queue | Villager (Male) |
| 26:27 | Queue | Villager (Male) |
| 26:32 | Build | Farm |
| 26:40 | Queue | Battering Ram |
| 26:41 | Queue | Battering Ram |
| 26:46 | Build | House |
| 27:05 | Queue | Battering Ram |
| 27:10 | Queue | Villager (Male) |
| 27:11 | Queue | Villager (Male) |
| 27:16 | Build | House |
| 27:32 | Build | House |
Build order — ELCAMBOPAPY
First 150 of 576 actions detected
| 0:02 | Build | House |
| 0:04 | Build | House |
| 0:04 | Queue | Villager (Male) |
| 0:05 | Queue | Villager (Male) |
| 0:05 | Queue | Villager (Male) |
| 0:10 | Queue | Villager (Male) |
| 1:42 | Queue | Villager (Male) |
| 1:42 | Queue | Villager (Male) |
| 2:08 | Queue | Villager (Male) |
| 2:24 | Queue | Villager (Male) |
| 3:04 | Queue | Villager (Male) |
| 3:04 | Queue | Villager (Male) |
| 3:17 | Research | Loom |
| 3:46 | Queue | Villager (Male) |
| 3:47 | Queue | Villager (Male) |
| 4:11 | Build | House |
| 5:19 | Queue | Villager (Male) |
| 5:19 | Queue | Villager (Male) |
| 5:19 | Queue | Villager (Male) |
| 6:11 | Queue | Villager (Male) |
| 6:11 | Queue | Villager (Male) |
| 6:11 | Queue | Villager (Male) |
| 6:11 | Queue | Villager (Male) |
| 6:12 | Queue | Villager (Male) |
| 6:12 | Queue | Villager (Male) |
| 6:12 | Queue | Villager (Male) |
| 6:13 | Queue | Villager (Male) |
| 6:18 | Build | House |
| 7:04 | Build | Lumber Camp |
| 7:38 | Queue | Villager (Male) |
| 7:38 | Queue | Villager (Male) |
| 7:45 | Build | Mill |
| 7:47 | Queue | Villager (Male) |
| 7:47 | Queue | Villager (Male) |
| 7:50 | Queue | Villager (Male) |
| 7:50 | Queue | Villager (Male) |
| 8:17 | Build | House |
| 8:58 | Queue | Villager (Male) |
| 9:16 | Queue | Villager (Male) |
| 9:44 | Build | House |
| 9:46 | Build | House |
| 9:50 | Build | House |
| 9:56 | Queue | Villager (Male) |
| 10:19 | Build | House |
| 11:11 | Research | Feudal Age |
| 11:12 | Research | Feudal Age |
| 12:27 | Queue | Villager (Male) |
| 12:27 | Queue | Villager (Male) |
| 13:07 | Build | Mining Camp |
| 13:09 | Queue | Villager (Male) |
| 13:30 | Age | Feudal Age |
| 13:31 | Build | Town Center |
| 13:37 | Queue | Villager (Male) |
| 13:37 | Queue | Villager (Male) |
| 14:04 | Queue | Villager (Male) |
| 14:04 | Queue | Villager (Male) |
| 14:19 | Queue | Villager (Male) |
| 14:50 | Queue | Villager (Male) |
| 14:50 | Queue | Villager (Male) |
| 14:50 | Queue | Villager (Male) |
| 14:51 | Queue | Villager (Male) |
| 14:51 | Queue | Villager (Male) |
| 14:51 | Queue | Villager (Male) |
| 15:15 | Queue | Villager (Male) |
| 15:19 | Research | Horse Collar |
| 15:19 | Research | Horse Collar |
| 15:23 | Research | Double-Bit Axe |
| 15:23 | Research | Double-Bit Axe |
| 16:15 | Build | Farm |
| 16:17 | Build | Farm |
| 16:38 | Queue | Villager (Male) |
| 16:51 | Build | Mill |
| 17:18 | Queue | Villager (Male) |
| 17:18 | Queue | Villager (Male) |
| 17:19 | Queue | Villager (Male) |
| 17:26 | Build | Mining Camp |
| 17:39 | Build | Outpost |
| 17:57 | Queue | Villager (Male) |
| 18:14 | Queue | Villager (Male) |
| 18:28 | Build | Farm |
| 18:29 | Build | Farm |
| 18:29 | Build | Farm |
| 18:29 | Build | Farm |
| 18:29 | Build | Farm |
| 18:30 | Build | Farm |
| 18:30 | Build | Farm |
| 18:30 | Build | Farm |
| 18:30 | Build | Farm |
| 18:50 | Queue | Villager (Male) |
| 19:56 | Build | Farm |
| 19:57 | Build | Farm |
| 19:58 | Build | Farm |
| 19:59 | Build | Farm |
| 20:00 | Build | Farm |
| 20:13 | Build | Mining Camp |
| 20:42 | Build | Blacksmith |
| 20:47 | Build | Market |
| 21:35 | Research | Castle Age |
| 21:35 | Research | Castle Age |
| 22:22 | Queue | Villager (Male) |
| 22:22 | Queue | Villager (Male) |
| 23:28 | Build | House |
| 23:33 | Build | House |
| 23:35 | Build | Palisade Wall |
| 23:36 | Build | Palisade Wall |
| 23:47 | Queue | Villager (Male) |
| 23:53 | Queue | Villager (Male) |
| 23:53 | Queue | Villager (Male) |
| 24:15 | Age | Castle Age |
| 24:47 | Build | Castle |
| 25:33 | Queue | Villager (Male) |
| 25:36 | Build | Farm |
| 26:20 | Queue | Kipchak |
| 26:24 | Queue | Kipchak |
| 26:24 | Queue | Kipchak |
| 26:25 | Queue | Kipchak |
| 26:36 | Build | Mining Camp |
| 27:30 | Build | Watch Tower |
| 27:34 | Build | Watch Tower |
| 28:00 | Queue | Kipchak |
| 28:00 | Queue | Kipchak |
| 28:19 | Queue | Kipchak |
| 28:33 | Queue | Kipchak |
| 28:54 | Queue | Kipchak |
| 28:54 | Queue | Kipchak |
| 29:28 | Queue | Villager (Male) |
| 29:29 | Queue | Villager (Male) |
| 29:29 | Queue | Villager (Male) |
| 29:35 | Queue | Villager (Male) |
| 30:05 | Queue | Kipchak |
| 30:05 | Queue | Kipchak |
| 30:06 | Queue | Kipchak |
| 30:06 | Queue | Kipchak |
| 30:15 | Build | Farm |
| 30:15 | Build | Farm |
| 30:16 | Build | Farm |
| 30:16 | Build | Farm |
| 30:16 | Build | Farm |
| 30:17 | Build | Farm |
| 30:17 | Build | Farm |
| 30:58 | Build | Castle |
| 31:37 | Queue | Villager (Male) |
| 31:38 | Queue | Kipchak |
| 31:39 | Queue | Kipchak |
| 31:39 | Queue | Kipchak |
| 32:50 | Queue | Villager (Male) |
| 32:50 | Queue | Villager (Male) |
| 33:17 | Queue | Villager (Male) |
| 33:18 | Queue | Villager (Male) |
| 33:18 | Queue | Villager (Male) |
Build order — TIGRE EQUIVOCADO
First 150 of 877 actions detected
| 0:02 | Build | House |
| 0:04 | Build | House |
| 0:05 | Queue | Villager (Male) |
| 0:05 | Queue | Villager (Male) |
| 0:06 | Queue | Villager (Male) |
| 0:06 | Queue | Villager (Male) |
| 1:44 | Queue | Villager (Male) |
| 1:44 | Queue | Villager (Male) |
| 2:06 | Build | Lumber Camp |
| 2:08 | Queue | Villager (Male) |
| 2:27 | Queue | Villager (Male) |
| 3:25 | Queue | Villager (Male) |
| 3:25 | Queue | Villager (Male) |
| 4:46 | Build | Mill |
| 4:49 | Queue | Villager (Male) |
| 4:50 | Queue | Villager (Male) |
| 5:36 | Research | Loom |
| 6:36 | Build | Pasture |
| 6:42 | Queue | Villager (Male) |
| 6:42 | Queue | Villager (Male) |
| 7:18 | Build | House |
| 7:26 | Queue | Villager (Male) |
| 7:26 | Queue | Villager (Male) |
| 7:27 | Queue | Villager (Male) |
| 7:44 | Build | Pasture |
| 8:17 | Build | Pasture |
| 8:26 | Queue | Villager (Male) |
| 8:30 | Build | House |
| 9:01 | Build | Palisade Wall |
| 9:33 | Build | Pasture |
| 9:47 | Queue | Villager (Male) |
| 9:48 | Queue | Villager (Male) |
| 10:32 | Queue | Villager (Male) |
| 10:36 | Queue | Villager (Male) |
| 11:19 | Queue | Villager (Male) |
| 11:45 | Build | Pasture |
| 11:48 | Research | Feudal Age |
| 11:53 | Build | Barracks |
| 12:56 | Build | House |
| 14:02 | Age | Feudal Age |
| 14:15 | Build | Stable |
| 14:18 | Queue | Villager (Male) |
| 14:19 | Queue | Villager (Male) |
| 14:21 | Research | Double-Bit Axe |
| 14:50 | Build | Pasture |
| 14:52 | Queue | Villager (Male) |
| 15:06 | Build | Stable |
| 15:08 | Queue | Scout Cavalry |
| 15:08 | Queue | Scout Cavalry |
| 15:09 | Queue | Scout Cavalry |
| 15:09 | Queue | Scout Cavalry |
| 15:09 | Queue | Scout Cavalry |
| 15:19 | Research | Tech 1014 |
| 15:21 | Queue | Villager (Male) |
| 15:51 | Queue | Villager (Male) |
| 15:53 | Build | Pasture |
| 15:59 | Build | Pasture |
| 16:11 | Build | House |
| 16:12 | Queue | Scout Cavalry |
| 16:13 | Queue | Scout Cavalry |
| 16:27 | Build | Pasture |
| 16:29 | Queue | Villager (Male) |
| 16:29 | Queue | Villager (Male) |
| 16:44 | Build | Palisade Gate |
| 17:18 | Build | House |
| 17:19 | Build | House |
| 17:22 | Queue | Scout Cavalry |
| 17:23 | Queue | Scout Cavalry |
| 18:21 | Queue | Villager (Male) |
| 18:21 | Queue | Villager (Male) |
| 18:21 | Queue | Villager (Male) |
| 18:42 | Queue | Villager (Male) |
| 18:43 | Queue | Villager (Male) |
| 18:54 | Build | Blacksmith |
| 18:59 | Build | Pasture |
| 19:08 | Queue | Villager (Male) |
| 19:10 | Queue | Villager (Male) |
| 20:40 | Queue | Villager (Male) |
| 20:40 | Queue | Villager (Male) |
| 20:47 | Build | Mining Camp |
| 20:49 | Queue | Villager (Male) |
| 21:42 | Queue | Villager (Male) |
| 21:43 | Queue | Villager (Male) |
| 21:48 | Build | House |
| 21:49 | Build | House |
| 22:00 | Queue | Villager (Male) |
| 22:01 | Queue | Villager (Male) |
| 22:10 | Research | Scale Barding Armor |
| 22:11 | Research | Forging |
| 23:38 | Research | Castle Age |
| 23:44 | Queue | Scout Cavalry |
| 23:44 | Queue | Scout Cavalry |
| 26:18 | Age | Castle Age |
| 26:25 | Queue | Steppe Lancer |
| 26:25 | Queue | Steppe Lancer |
| 26:25 | Queue | Steppe Lancer |
| 26:25 | Queue | Steppe Lancer |
| 26:26 | Queue | Steppe Lancer |
| 26:26 | Queue | Steppe Lancer |
| 26:39 | Build | Mining Camp |
| 26:41 | Queue | Villager (Male) |
| 26:41 | Queue | Villager (Male) |
| 26:45 | Build | Town Center |
| 26:46 | Queue | Villager (Male) |
| 26:47 | Queue | Villager (Male) |
| 26:47 | Queue | Villager (Male) |
| 26:57 | Build | Siege Workshop |
| 27:23 | Build | House |
| 27:24 | Build | House |
| 27:25 | Build | House |
| 27:44 | Queue | Villager (Male) |
| 27:44 | Queue | Villager (Male) |
| 27:44 | Queue | Villager (Male) |
| 27:45 | Queue | Villager (Male) |
| 27:45 | Queue | Villager (Male) |
| 28:07 | Build | Siege Workshop |
| 28:25 | Queue | Steppe Lancer |
| 28:25 | Queue | Steppe Lancer |
| 28:25 | Queue | Steppe Lancer |
| 28:26 | Queue | Steppe Lancer |
| 28:33 | Research | Chain Barding Armor |
| 29:06 | Queue | Villager (Male) |
| 29:06 | Queue | Villager (Male) |
| 29:07 | Queue | Villager (Male) |
| 29:07 | Queue | Villager (Male) |
| 29:12 | Queue | Villager (Male) |
| 29:12 | Queue | Villager (Male) |
| 29:13 | Queue | Villager (Male) |
| 29:13 | Queue | Villager (Male) |
| 29:13 | Queue | Villager (Male) |
| 29:14 | Queue | Villager (Male) |
| 29:14 | Queue | Villager (Male) |
| 29:14 | Queue | Villager (Male) |
| 29:14 | Queue | Villager (Male) |
| 29:53 | Queue | Iron Pagoda |
| 29:57 | Build | Archery Range |
| 29:59 | Build | Archery Range |
| 30:22 | Queue | Villager (Male) |
| 30:23 | Queue | Villager (Male) |
| 30:23 | Queue | Villager (Male) |
| 30:26 | Queue | Villager (Male) |
| 30:26 | Queue | Villager (Male) |
| 30:30 | Research | Gold Mining |
| 32:04 | Research | Elite Skirmisher (upgrade) |
| 32:06 | Queue | Skirmisher |
| 32:07 | Queue | Skirmisher |
| 32:07 | Queue | Skirmisher |
| 32:07 | Queue | Skirmisher |
| 32:07 | Queue | Skirmisher |
| 32:08 | Queue | Skirmisher |
Build order — CaSal EQUIVOCADO
First 150 of 1012 actions detected
| 0:01 | Queue | Villager (Male) |
| 0:01 | Queue | Villager (Male) |
| 0:01 | Queue | Villager (Male) |
| 0:03 | Build | House |
| 0:04 | Build | House |
| 0:08 | Queue | Villager (Male) |
| 1:39 | Queue | Villager (Male) |
| 1:39 | Queue | Villager (Male) |
| 2:01 | Queue | Villager (Male) |
| 2:01 | Queue | Villager (Male) |
| 2:31 | Queue | Villager (Male) |
| 2:31 | Queue | Villager (Male) |
| 2:37 | Build | Lumber Camp |
| 2:50 | Queue | Villager (Male) |
| 2:51 | Queue | Villager (Male) |
| 3:25 | Queue | Villager (Male) |
| 3:40 | Build | House |
| 3:44 | Queue | Villager (Male) |
| 4:15 | Queue | Villager (Male) |
| 4:39 | Queue | Villager (Male) |
| 4:59 | Queue | Villager (Male) |
| 5:14 | Build | House |
| 5:27 | Queue | Villager (Male) |
| 5:28 | Queue | Villager (Male) |
| 6:18 | Research | Loom |
| 6:22 | Build | Barracks |
| 7:03 | Research | Feudal Age |
| 8:22 | Build | House |
| 9:01 | Build | House |
| 9:03 | Build | Mining Camp |
| 9:13 | Age | Feudal Age |
| 9:15 | Build | Archery Range |
| 9:18 | Research | Double-Bit Axe |
| 9:18 | Research | Double-Bit Axe |
| 9:44 | Build | Stone Wall |
| 9:48 | Build | Stone Wall |
| 9:58 | Queue | Villager (Male) |
| 10:20 | Build | Stone Wall |
| 10:30 | Queue | Villager (Male) |
| 10:44 | Build | Archery Range |
| 10:46 | Queue | Villager (Male) |
| 11:01 | Build | Stone Wall |
| 11:02 | Build | Stone Wall |
| 11:04 | Build | Stone Wall |
| 11:15 | Queue | Villager (Male) |
| 11:27 | Queue | Archer |
| 11:27 | Queue | Archer |
| 11:39 | Build | Mill |
| 11:43 | Queue | Villager (Male) |
| 12:05 | Queue | Archer |
| 12:05 | Queue | Archer |
| 12:05 | Queue | Villager (Male) |
| 12:28 | Queue | Villager (Male) |
| 12:31 | Queue | Archer |
| 12:32 | Queue | Archer |
| 12:36 | Build | House |
| 12:40 | Queue | Villager (Male) |
| 12:54 | Queue | Archer |
| 12:54 | Queue | Archer |
| 12:55 | Queue | Villager (Male) |
| 13:32 | Build | House |
| 13:39 | Build | Palisade Wall |
| 13:43 | Queue | Villager (Male) |
| 13:44 | Queue | Archer |
| 13:44 | Queue | Archer |
| 13:49 | Build | Blacksmith |
| 14:16 | Queue | Villager (Male) |
| 14:25 | Build | Mining Camp |
| 14:33 | Build | House |
| 14:39 | Research | Fletching |
| 14:39 | Research | Fletching |
| 14:51 | Build | Farm |
| 14:51 | Build | Farm |
| 14:52 | Build | Farm |
| 14:52 | Build | Farm |
| 15:06 | Build | House |
| 15:10 | Queue | Villager (Male) |
| 15:17 | Build | Farm |
| 15:25 | Queue | Archer |
| 15:25 | Queue | Archer |
| 15:41 | Queue | Villager (Male) |
| 15:51 | Queue | Archer |
| 15:51 | Queue | Archer |
| 16:38 | Queue | Villager (Male) |
| 16:41 | Build | Farm |
| 16:42 | Queue | Archer |
| 16:42 | Queue | Archer |
| 16:42 | Queue | Archer |
| 16:52 | Build | Outpost |
| 16:53 | Queue | Villager (Male) |
| 16:56 | Build | Farm |
| 16:56 | Build | Farm |
| 17:13 | Queue | Villager (Male) |
| 17:51 | Queue | Archer |
| 17:51 | Queue | Archer |
| 17:52 | Queue | Villager (Male) |
| 18:05 | Build | Farm |
| 18:05 | Build | Farm |
| 18:18 | Queue | Villager (Male) |
| 18:29 | Build | Outpost |
| 19:00 | Research | Padded Archer Armor |
| 19:01 | Queue | Villager (Male) |
| 19:04 | Build | Lumber Camp |
| 19:08 | Build | Farm |
| 19:08 | Build | Farm |
| 19:08 | Build | Farm |
| 19:09 | Build | Farm |
| 19:21 | Queue | Villager (Male) |
| 19:40 | Queue | Villager (Male) |
| 19:41 | Build | Farm |
| 20:06 | Queue | Villager (Male) |
| 20:08 | Build | Farm |
| 20:24 | Build | Watch Tower |
| 20:29 | Build | House |
| 20:30 | Build | House |
| 20:32 | Queue | Villager (Male) |
| 20:37 | Research | Wheelbarrow |
| 21:16 | Build | Watch Tower |
| 21:18 | Queue | Villager (Male) |
| 21:22 | Build | Farm |
| 22:21 | Build | Palisade Wall |
| 22:46 | Queue | Villager (Male) |
| 22:51 | Build | Market |
| 23:18 | Research | Castle Age |
| 23:34 | Research | Gold Mining |
| 24:25 | Queue | Villager (Male) |
| 25:58 | Age | Castle Age |
| 26:15 | Research | Crossbowman (upgrade) |
| 26:18 | Build | Siege Workshop |
| 26:44 | Build | Castle |
| 26:47 | Queue | Villager (Male) |
| 26:50 | Queue | Mangonel |
| 26:50 | Queue | Mangonel |
| 27:34 | Queue | Archer |
| 27:34 | Queue | Archer |
| 28:39 | Queue | Villager (Male) |
| 28:56 | Queue | Villager (Male) |
| 29:00 | Build | Castle |
| 29:11 | Queue | Mangonel |
| 30:13 | Build | Town Center |
| 30:46 | Queue | Villager (Male) |
| 30:55 | Research | Scale Mail Armor |
| 30:55 | Research | Scale Mail Armor |
| 31:14 | Build | Farm |
| 31:32 | Queue | Villager (Male) |
| 31:40 | Queue | Shotel Warrior ×5 |
| 31:40 | Queue | Shotel Warrior ×5 |
| 31:40 | Queue | Shotel Warrior ×2 |
| 31:43 | Queue | Mangonel |
| 31:55 | Build | Lumber Camp |
Match timeline
| 4:28 | NPG/- Americaneagle37 · wall_segment Palisade Wall x7 |
| 5:36 | NPG/- Americaneagle37 · wall_segment Palisade Wall x2 |
| 5:39 | NPG/- Americaneagle37 · first_building Barracks |
| 6:22 | CaSal EQUIVOCADO · first_building Barracks |
| 6:45 | NPG/- Americaneagle37 · wall_segment Palisade Wall x4 |
| 6:54 | NPG/- Americaneagle37 · wall_segment Palisade Wall x14 |
| 9:01 | TIGRE EQUIVOCADO · wall_segment Palisade Wall x7 |
| 9:13 | CaSal EQUIVOCADO · age_up feudal |
| 9:15 | CaSal EQUIVOCADO · first_building Archery Range |
| 9:44 | CaSal EQUIVOCADO · wall_segment Stone Wall x10 |
| 9:48 | CaSal EQUIVOCADO · wall_segment Stone Wall x9 |
| 10:20 | CaSal EQUIVOCADO · wall_segment Stone Wall x5 |
| 11:01 | CaSal EQUIVOCADO · wall_segment Stone Wall x7 |
| 11:02 | CaSal EQUIVOCADO · wall_segment Stone Wall x1 |
| 11:04 | CaSal EQUIVOCADO · wall_segment Stone Wall x2 |
| 11:35 | NPG/- Americaneagle37 · age_up feudal |
| 11:53 | TIGRE EQUIVOCADO · first_building Barracks |
| 13:30 | ELCAMBOPAPY · age_up feudal |
| 13:39 | CaSal EQUIVOCADO · wall_segment Palisade Wall x1 |
| 14:02 | TIGRE EQUIVOCADO · age_up feudal |
| 14:15 | TIGRE EQUIVOCADO · first_building Stable |
| 18:01 | NPG/- Americaneagle37 · first_building Archery Range |
| 18:13 | NPG/- Americaneagle37 · wall_segment Palisade Wall x1 |
| 18:15 | NPG/- Americaneagle37 · wall_segment Palisade Wall x1 |
| 18:16 | NPG/- Americaneagle37 · wall_segment Palisade Wall x1 |
| 18:17 | NPG/- Americaneagle37 · wall_segment Palisade Wall x1 |
| 19:49 | NPG/- Americaneagle37 · age_up castle |
| 20:07 | NPG/- Americaneagle37 · tribute_sent a jugador 1 |
| 20:07 | NPG/- Americaneagle37 · tribute_sent a jugador 2 |
| 20:07 | NPG/- Americaneagle37 · tribute_sent a jugador 4 |
| 20:47 | NPG/- Americaneagle37 · first_market_sell 500 food |
| 20:47 | NPG/- Americaneagle37 · first_market_buy 100 wood |
| 21:33 | ELCAMBOPAPY · first_market_buy 100 food |
| 22:21 | CaSal EQUIVOCADO · wall_segment Palisade Wall x1 |
| 23:35 | ELCAMBOPAPY · wall_segment Palisade Wall x1 |
| 23:36 | ELCAMBOPAPY · wall_segment Palisade Wall x1 |
| 24:13 | NPG/- Americaneagle37 · first_building Siege Workshop |
| 24:15 | ELCAMBOPAPY · age_up castle |
| 24:47 | ELCAMBOPAPY · first_building Castle |
| 25:58 | CaSal EQUIVOCADO · age_up castle |
| 26:18 | TIGRE EQUIVOCADO · age_up castle |
| 26:18 | CaSal EQUIVOCADO · first_building Siege Workshop |
| 26:44 | CaSal EQUIVOCADO · first_building Castle |
| 26:57 | TIGRE EQUIVOCADO · first_building Siege Workshop |
| 29:09 | CaSal EQUIVOCADO · first_market_buy 100 wood |
| 29:17 | NPG/- Americaneagle37 · tribute_sent a jugador 1 |
| 29:17 | NPG/- Americaneagle37 · tribute_sent a jugador 2 |
| 29:17 | NPG/- Americaneagle37 · tribute_sent a jugador 4 |
| 29:57 | TIGRE EQUIVOCADO · first_building Archery Range |
| 33:33 | TIGRE EQUIVOCADO · first_building Castle |
| 35:20 | NPG/- Americaneagle37 · first_building Castle |
| 35:34 | ELCAMBOPAPY · first_building Siege Workshop |
| 35:49 | CaSal EQUIVOCADO · first_market_sell 500 stone |
| 39:23 | NPG/- Americaneagle37 · tribute_sent a jugador 1 |
| 39:23 | NPG/- Americaneagle37 · tribute_sent a jugador 2 |
| 39:23 | NPG/- Americaneagle37 · tribute_sent a jugador 4 |
| 40:00 | NPG/- Americaneagle37 · wall_segment Stone Wall x5 |
| 40:04 | NPG/- Americaneagle37 · wall_segment Stone Wall x5 |
| 40:06 | NPG/- Americaneagle37 · wall_segment Stone Wall x1 |
| 41:09 | CaSal EQUIVOCADO · age_up imperial |
| 41:13 | TIGRE EQUIVOCADO · age_up imperial |
| 43:57 | NPG/- Americaneagle37 · age_up imperial |
| 47:13 | TIGRE EQUIVOCADO · first_market_sell 100 wood |
| 47:35 | TIGRE EQUIVOCADO · tribute_sent a jugador 1 |
| 47:35 | TIGRE EQUIVOCADO · tribute_sent a jugador 3 |
| 47:35 | TIGRE EQUIVOCADO · tribute_sent a jugador 4 |
| 50:56 | ELCAMBOPAPY · wall_segment Palisade Wall x1 |
| 50:58 | ELCAMBOPAPY · wall_segment Palisade Wall x1 |
| 51:00 | ELCAMBOPAPY · wall_segment Palisade Wall x1 |
| 51:01 | ELCAMBOPAPY · wall_segment Palisade Wall x1 |
| 51:03 | ELCAMBOPAPY · wall_segment Palisade Wall x1 |
| 51:05 | ELCAMBOPAPY · wall_segment Palisade Wall x1 |
| 51:07 | ELCAMBOPAPY · wall_segment Palisade Wall x1 |
| 51:08 | ELCAMBOPAPY · wall_segment Palisade Wall x1 |
| 54:39 | NPG/- Americaneagle37 · first_building Stable |
| 54:59 | NPG/- Americaneagle37 · tribute_sent a jugador 1 |
| 54:59 | NPG/- Americaneagle37 · tribute_sent a jugador 2 |
| 54:59 | NPG/- Americaneagle37 · tribute_sent a jugador 4 |
| 60:07 | TIGRE EQUIVOCADO · tribute_sent a jugador 1 |
| 60:07 | TIGRE EQUIVOCADO · tribute_sent a jugador 3 |
| 60:07 | TIGRE EQUIVOCADO · tribute_sent a jugador 4 |
| 60:13 | TIGRE EQUIVOCADO · tribute_sent a jugador 1 |
| 60:13 | TIGRE EQUIVOCADO · tribute_sent a jugador 3 |
| 60:13 | TIGRE EQUIVOCADO · tribute_sent a jugador 4 |
| 61:38 | NPG/- Americaneagle37 · tribute_sent a jugador 1 |
| 61:38 | NPG/- Americaneagle37 · tribute_sent a jugador 2 |
| 61:38 | NPG/- Americaneagle37 · tribute_sent a jugador 4 |
| 62:59 | NPG/- Americaneagle37 · first_building Monastery |
| 66:22 | NPG/- Americaneagle37 · tribute_sent a jugador 1 |
| 66:22 | NPG/- Americaneagle37 · tribute_sent a jugador 2 |
| 66:22 | NPG/- Americaneagle37 · tribute_sent a jugador 4 |
| 68:44 | CaSal EQUIVOCADO · first_building Stable |
| 73:47 | ELCAMBOPAPY · first_building Barracks |
| 74:40 | ELCAMBOPAPY · first_building Stable |
| 79:20 | CaSal EQUIVOCADO · tribute_sent a jugador 1 |
| 79:20 | CaSal EQUIVOCADO · tribute_sent a jugador 2 |
| 79:20 | CaSal EQUIVOCADO · tribute_sent a jugador 3 |
| 83:09 | TIGRE EQUIVOCADO · first_market_buy 100 food |
| 87:28 | CaSal EQUIVOCADO · wall_segment Palisade Wall x1 |
| 87:30 | CaSal EQUIVOCADO · wall_segment Palisade Wall x1 |
| 87:36 | CaSal EQUIVOCADO · wall_segment Palisade Wall x1 |
| 87:37 | CaSal EQUIVOCADO · wall_segment Palisade Wall x1 |
| 91:13 | CaSal EQUIVOCADO · first_building Monastery |
| 102:58 | NPG/- Americaneagle37 · tribute_sent a jugador 1 |
| 102:58 | NPG/- Americaneagle37 · tribute_sent a jugador 2 |
| 102:58 | NPG/- Americaneagle37 · tribute_sent a jugador 4 |
| 107:39 | ELCAMBOPAPY · age_up imperial |
| 112:21 | NPG/- Americaneagle37 · resign |
[ AI ANALYSIS · 1 CREDIT ]
What really happened in this match?
Wolo.gg analyzes every decision: build order, eco, micro, common mistakes by bracket. Personalized analysis on WhatsApp or Discord in 30 seconds.
Civ guide
Ethiopians
Perfil
Jugador #4635224